 Dungeon Crawl Stone Soup version 0.20.0-15-g7f486f2 (webtiles) character file.

112 renl the Cudgeler (level 4, 0/37 HPs)
             Began as a Draconian Skald on June 22, 2017.
             Slain by a gnoll (8 damage)
             ... on level 2 of the Dungeon.
             The game lasted 00:17:21 (2242 turns).

renl the Cudgeler (Draconian Skald)                 Turns: 2242, Time: 00:17:21

Health: 0/37       AC:  0    Str: 13    XL:     4   Next: 63%
Magic:  0/7        EV: 12    Int: 14    God:
Gold:   80         SH:  0    Dex: 11    Spells: 1/7 levels left

rFire    . . .     SeeInvis .   d - +0 whip
rCold    . . .     Gourm    .   (no shield)
rNeg     . . .     Faith    .   (armour unavailable)
rPois    .         Spirit   .   (helmet restricted)
rElec    .         Reflect  .   f - +0 cloak (curse)
rCorr    .         Harm     .   (no gloves)
MR       .....                  (no boots)
Stlth    +.........             (no amulet)
Regen    0.2/turn               m - -6 ring of protection (curse)
MPRegen  0.1/turn               (no ring)

@: very slightly contaminated
A: unfitting armour, cold-blooded, AC +5
a: no special abilities


You were on level 2 of the Dungeon.
You were not hungry.

You visited 1 branch of the dungeon, and saw 3 of its levels.

You collected 80 gold pieces.

Inventory:

Hand Weapons
 a - a +0 mace
 d - a +0 whip (weapon)
 l - a +0 club
Armour
 f - a cursed +0 cloak (worn)
Jewellery
 m - a cursed -6 ring of protection (left hand)
Scrolls
 n - a scroll of magic mapping {unknown}
Potions
 e - a potion of invisibility
 g - 2 potions of might {unknown}
 i - a potion of heal wounds {unknown}
 k - 3 potions of curing {unknown}
Books
 b - a book of Battle

   Spells                             Type                      Level
   a - Infusion                       Charms                       1
   b - Shroud of Golubria             Charms/Translocation         2
   c - Song of Slaying                Charms                       2
   d - Spectral Weapon                Hexes/Charms                 3
   e - Regeneration                   Charms/Necromancy            3
Comestibles
 c - a bread ration
 h - 3 chunks of flesh
 j - a royal jelly


   Skills:
 * Level 2.8 Fighting
 * Level 3.4 Maces & Flails
 + Level 2.3 Dodging
 + Level 2.3 Spellcasting
 * Level 3.2 Charms
 + Level 0.4 Necromancy
 + Level 0.4 Translocations


You had one spell level left.
You knew the following spells:

 Your Spells              Type           Power        Failure   Level  Hunger
a - Infusion              Chrm           ##..         6%          1    #......
b - Shroud of Golubria    Chrm/Tloc      #.........   16%         2    ###....
c - Regeneration          Chrm/Necr      #.........   32%         3    ###....


Dungeon Overview and Level Annotations

Branches:
Dungeon (3/15)

Altars:

Annotations:
D:3 apoch's ghost, amateur MfTm


Innate Abilities, Weirdness & Mutations

Your plain brown scales are hard. (AC +5)
You cannot fit into any form of body armour.
You are cold-blooded and may be slowed by cold attacks.


Message History

Found 21 arrows.
There is a stone staircase leading up here.
The gnoll misses you. The gnoll closely misses you.
You climb upwards.
There is a stone staircase leading down here.
Casting: Shroud of Golubria
Confirm with . or Enter, or press ? or * to list all spells.
You miscast Shroud of Golubria.
You are very lightly contaminated with residual magic.
Nothing appears to happen.
The gnoll hits you. The gnoll hits you with a halberd!
* * * LOW HITPOINT WARNING * * *
Casting: Shroud of Golubria
Confirm with . or Enter, or press ? or * to list all spells.
You miscast Shroud of Golubria.
You spin around.
The gnoll hits you.
* * * LOW HITPOINT WARNING * * *
The gnoll misses you.
Unknown command.
The gnoll hits you!
You die...

...###.# #....#.#
#......# #....#.#
.......# #....#.#######
.......# ##....#.......#
.......# #.......#####.#
...#.#.# #(.........##.#
...'.#.####.......##.##.#
...###....'...........#.#
#### ######.....@.#####.#
#.....g>g.....#
#......######## #......#
#......# ########


You could see 2 gnolls.

Vanquished Creatures
  A gnoll (D:1)
  An adder (D:2)
  An ooze (D:3)
  3 worms (D:2)
  5 dart slugs
  A leopard gecko (D:1)
  A ball python (D:2)
  3 giant cockroaches
  11 goblins
  7 hobgoblins
  8 jackals (D:1)
  5 kobolds
  7 bats
  5 frilled lizards
  10 rats
69 creatures vanquished.

Notes
Turn   | Place    | Note
-------+----------+-------------------------------------------
     0 | D:1      | renl the Draconian Skald began the quest for the Orb.
     0 | D:1      | Reached XP level 1. HP: 17/17 MP: 3/3
   148 | D:1      | Reached XP level 2. HP: 20/24 MP: 0/5
   165 | D:1      | Learned a level 2 spell: Shroud of Golubria
   415 | D:1      | Reached XP level 3. HP: 20/30 MP: 2/6
   421 | D:1      | Learned a level 3 spell: Regeneration
   603 | D:1      | HP: 1/30 [kobold/whip (1)]
  1211 | D:2      | Reached XP level 4. HP: 21/37 MP: 0/7
  1834 | D:3      | Noticed apoch's ghost (amateur MfTm)
  2242 | D:2      | Slain by a gnoll

Skill      XL: |  1  2  3 |
---------------+----------+-----
Charms         | 3 |  3.2
Maces & Flails | 3 |  3.4
Fighting       | |  2.8
Dodging        | |  2.3
Spellcasting   | |  2.3
Necromancy     | |  0.4
Translocations | |  0.4

Action                   |  1- 3 |  4- 6 || total
-------------------------+-------+-------++-------
Melee: Mace              |   116 |       ||   116
       Tailslap          |    20 |    12 ||    32
       Whip              |    79 |   100 ||   179
 Cast: Infusion          |     8 |     3 ||    11
       Shroud of Golubri |    14 |    10 ||    24
       Regeneration      |     6 |     4 ||    10
  Use: Potion            |     2 |       ||     2
       Scroll            |       |     3 ||     3
 Stab: Sleeping          |     1 |       ||     1
  Eat: Chunk             |     4 |     5 ||     9
Armor: Skin              |   106 |    16 ||   122
Dodge: Dodged            |   173 |    66 ||   239
